 Dungeon Crawl Stone Soup version 0.21-a0-260-g9b2435e (webtiles) character file.

8 KarmaPolice the Skirmisher (level 2, 24/24 HPs)
             Began as a Demonspawn Abyssal Knight on Sept 7, 2017.
             Was a Follower of Lugonu.
             Got out of the dungeon alive.
             The game lasted 00:00:43 (424 turns).

KarmaPolice the Skirmisher (DsAK)                    Turns: 424, Time: 00:00:43

Health: 24/24      AC:  3    Str: 12    XL:     2   Next: 0%
Magic:  4/4        EV: 11    Int: 13    God:    Lugonu [*.....]
Gold:   53         SH:  0    Dex: 12    Spells: 1/1 levels left

rFire    . . .     SeeInvis .   a - +1 hand axe
rCold    . . .     Gourm    .   (no shield)
rNeg     . . .     Faith    .   b - +0 leather armour
rPois    .         Spirit   .   (no helmet)
rElec    .         Reflect  .   (no cloak)
rCorr    .         Harm     .   (no gloves)
MR       .....                  (no boots)
Stlth    +.........             (no amulet)
HPRegen  0.08/turn              (no ring)
MPRegen  0.09/turn              (no ring)

@: no status effects
A: claws 1
a: Depart the Abyss, Renounce Religion


You escaped.
You worshipped Lugonu.
Lugonu was aware of your devotion.
You were not hungry.

You visited 1 branch of the dungeon, and saw 1 of its levels.
You visited the Abyss 1 time.

You collected 53 gold pieces.

Inventory:

Hand Weapons
 a - a +1 hand axe (weapon)
Armour
 b - a +0 leather armour (worn)
Scrolls
 h - a scroll of immolation {unknown}
Potions
 d - 2 potions of degeneration {unknown}
 e - a potion of flight {unknown}
 g - a potion of curing {unknown}
Comestibles
 c - 2 bread rations
 f - 2 royal jellies
 i - 2 chunks of flesh


   Skills:
 + Level 3.1 Fighting
 + Level 2.1 Axes
 - Level 1.7 Armour
 - Level 0.8 Dodging
 + Level 2.8 Invocations


You had one spell level left.
You didn't know any spells.

Dungeon Overview and Level Annotations

Branches:
Dungeon (1/15)

Altars:


Innate Abilities, Weirdness & Mutations

You have sharp fingernails.


Message History

You kill the goblin!
Lugonu accepts your kill.
You have reached level 2!
Your demonic ancestry asserts itself...
Your fingernails lengthen.
Things that are here:
a dagger; a goblin corpse You butcher the goblin corpse.
i - 2 chunks of flesh
Things that are here:
a dagger; a goblin skeleton You now have 53 gold pieces (gained 10).
You see here a club.
You enter the shallow water.
Moving in this stuff is going to be slow.
There is a staircase leading out of the dungeon here.
There is a staircase leading out of the dungeon here.
There is a staircase leading out of the dungeon here.
Are you sure you want to leave the Dungeon?
This will make you lose the game!
You have escaped!

♣♣ ♣♣♣P♣
♣♣♣♣♣♣ ≈
♣♣..♣
♣P...♣♣
≈≈ ♣.♣.♣
♣..@..♣♣
≈♣ ♣♣.♣♣
♣......♣
♣.♣♣
♣.♣..♣♣♣
♣♣.♣♣
♣♣..♣♣
♣♣.♣
♣♣.♣♣
♣♣♣..♣
♣..♣ ♣
♣♣..♣♣♣
♣♣.♣ ♣♣
♣♣.♣♣♣
♣.♣
.♣♣♣.♣♣
♣♣♣.♣


There were no monsters in sight!

Vanquished Creatures
  A leopard gecko (D:1)
  A giant cockroach (D:1)
  A goblin (D:1)
  A hobgoblin (D:1)
  2 kobolds (D:1)
6 creatures vanquished.

Notes
Turn   | Place    | Note
-------+----------+-------------------------------------------
     0 | Abyss:1  | KarmaPolice the Demonspawn Abyssal Knight began the quest for the Orb.
     0 | Abyss:1  | Reached XP level 1. HP: 18/18 MP: 2/2
    19 | Abyss:1  | Found a corrupted altar of Lugonu.
    46 | Abyss:1  | Noticed a large abomination
    47 | D:1      | Escaped the Abyss
   126 | D:1      | Reached * piety under Lugonu
   310 | D:1      | Gained mutation: You have sharp fingernails. [demonic ancestry]
   310 | D:1      | Reached XP level 2. HP: 18/24 MP: 4/4
   424 | D:$      | Got out of the dungeon alive.

Vault maps used:
D:1:      kilobyte_arrival_exit_the_forest

Skill      XL: |  1 |
---------------+----+-----
Axes           | 2 |  2.1
Fighting       | |  3.1
Armour         | |  1.7
Dodging        | |  0.8
Invocations    | |  2.8

Action                   || total
-------------------------++-------
Melee: Hand axe          ||    13
Invok: Depart the Abyss  ||     1
Armor: Leather armour    ||     6
Dodge: Dodged            ||    10

Table legend:
 A = Spawn XP
 B = Non-spawn XP
 C = Spawn XP percentage of total XP
 D = Spawn monster count
 E = Non-spawn monster count
 F = Spawn count percentage of total count
 G = Total turns spent on level
                    A         B        C        D         E        F      G
               +---------+---------+-------+---------+---------+-------+---------
         Total |       0 |      12 |   0.0 |       0 |       6 |   0.0 |   424
               +---------+---------+-------+---------+---------+-------+---------
           D:1 |       0 |      12 |   0.0 |       0 |       6 |   0.0 |   377
               +---------+---------+-------+---------+---------+-------+---------
